 Dungeon Crawl Stone Soup version 0.31-a0-152-g6aa68a64a1 (webtiles) character file.

Game seed: 538195010620075382

135 qw the Shooter (level 4, -2/36 HPs)
             Began as a Minotaur Hunter on June 9, 2023.
             Slain by a kobold brigand
             ... wielding a +0 dagger
              (3 damage)
             ... in a sewer.
             The game lasted 00:01:05 (2679 turns).

qw the Shooter (Minotaur Hunter)                    Turns: 2679, Time: 00:01:05

Health: -2/36      AC:  5    Str: 15    XL:     4   Next: 97%
Magic:  3/3        EV: 11    Int:  6    God:
Gold:   26         SH:  4    Dex: 16    Spells: 3/3 levels left

rFire   . . .        Y - +1 shortbow
rCold   . . .        (shield currently unavailable)
rNeg    . . .        h - +0 ring mail
rPois   +            (helmet unavailable)
rElec   .            (no cloak)
rCorr   .            (no gloves)
SInv    .            (no boots)
Will    .....        (no amulet)
Stlth   +            l - ring of poison resistance
HPRegen 0.26/turn    (no ring)
MPRegen 0.08/turn

%: no passive effects
@: lethally poisoned (-2 -> -3), slowed, very slow
A: horns 3, retaliatory headbutt, large bone plates 1, frail 1, sense
surroundings 1
a: no special abilities


You were in a sewer.
You visited 1 branch of the dungeon, and saw 4 of its levels.
You also visited: Sewer.

You collected 133 gold pieces.
You spent 107 gold pieces at shops.


Innate Abilities, Weirdness & Mutations

You have a pair of large horns on your head.
You reflexively headbutt those who attack you in melee.
You are partially covered in large bone plates. (SH +4)
You are frail. (-10% HP)
You passively map a small area around you.


   Skills:
 - Level 4.0 Fighting
 + Level 6.1 Ranged Weapons
 - Level 1.0 Armour
 - Level 2.1 Dodging
 - Level 0.7 Stealth


You had 3 spell levels left.
You didn't know any spells.
Your spell library was empty.

Inventory:

Hand Weapons
 Y - a +1 shortbow (weapon)
Armour
 h - a +0 ring mail (worn)
 k - the +0 pair of boots "Rocoicy" {+Blink rF- Str+3 Int+2}
   (You acquired it on level 2 of the Dungeon)

   Str:       It affects your strength (+3).
   Int:       It affects your intelligence (+2).
   rF:        It makes you vulnerable to fire.
   +Blink:    It lets you blink.
Jewellery
 c - a ring of ice
 g - a ring of fire
 l - a ring of poison resistance (left hand)
Potions
 a - a potion of curing
 b - a potion of berserk rage {unknown}
 d - a potion of haste
 i - a potion of invisibility {unknown}
 j - a potion of heal wounds {unknown}
 o - a potion of degeneration {unknown}

Dungeon Overview and Level Annotations

Branches:
Dungeon (4/15)              Sewer (1/1)
 Temple: D:4-7

Altars:
Trog

Shops:
D:1 *   D:4 ?

Annotations:
D:3 1 runed translucent door, Crazy Yiuf


Message History

You shoot an arrow. The arrow hits the kobold brigand!
The kobold brigand is moderately wounded.
You hear a shout!
A kobold brigand comes into view.
It is wielding a +0 dagger and quivering poisoned darts.
You shoot an arrow.
The arrow closely misses the kobold brigand.
The kobold brigand throws a curare-tipped dart.
The curare-tipped dart hits you.
You are poisoned.
You have difficulty breathing.
You feel yourself slow down.
You shoot an arrow. The arrow hits the kobold brigand.
The kobold brigand is heavily wounded.
You feel very sick.
The kobold brigand throws a curare-tipped dart.
The curare-tipped dart hits you.
You are more poisoned.
You have difficulty breathing.
You feel as though you will be slow longer.
You shoot an arrow.
The arrow closely misses the kobold brigand.
You feel extremely sick.
You shoot an arrow.
The arrow closely misses the kobold brigand.
The arrow hits the kobold brigand!
The kobold brigand is almost dead.
You feel very sick.
You shoot an arrow.
The arrow barely misses the kobold brigand.
You feel very sick.
The kobold brigand throws a poisoned dart.
You block the poisoned dart.
You shoot an arrow. The arrow misses the kobold brigand.
The arrow barely misses the kobold brigand.
You feel sick.
You shoot an arrow.
The arrow closely misses the kobold brigand.
You feel sick. The kobold brigand barely misses you.
The kobold brigand hits you with a +0 whip.
The kobold brigand hits you with a +0 dagger.
You die...

* , #..~~~..# #..~~~..#
#.~~~~~~# #.~~~~~.#
#~~~~~~~# #.~~~~~~#
#.~~~~KK#
#~.)~~~@################
#~~~~~~~~~~~~~~~~~~~~~~~
#.~~~~.~################
##~~~~~## #.~~~.#
###.~~~~# #\..~~~.#
###.~~~.# #.~~~.#


You could see 2 kobold brigands.

Vanquished Creatures
  Robin (D:4)
  3 adders (D:2)
  A river rat (Sewer)
  3 worms (D:2)
  2 dart slugs
  2 orcs
  5 endoplasms
  2 giant cockroaches
  10 goblins
  9 hobgoblins
  A jackal (Sewer)
  3 kobolds
  3 quokkas
  15 ball pythons
  5 bats
  9 rats
74 creatures vanquished.

Notes
Turn   | Place    | Note
-------+----------+-------------------------------------------
     0 | D:1      | qw the Minotaur Hunter began the quest for the Orb.
     0 | D:1      | Reached XP level 1. HP: 18/18 MP: 0/0
     0 | D:1      | 0 ||| qw: Version: 0.2-a-122-gbc61b45
     0 | D:1      | 0 ||| qw: Game counter: 3453
     0 | D:1      | 0 ||| qw: Always use a shield: true
     0 | D:1      | 0 ||| qw: God list: Okawaru
     0 | D:1      | 0 ||| qw: Allow faded altars: false
     0 | D:1      | 0 ||| qw: Do Orc after D:15 true
     0 | D:1      | 0 ||| qw: Do second Lair branch before Depths: true
     0 | D:1      | 0 ||| qw: Lair rune preference: random
     0 | D:1      | 0 ||| qw: Plans: Normal
     0 | D:1      | 0 ||| PLANNING D:1-11
   308 | D:1      | 308 ||| FLEEEEING.
   309 | D:1      | 309 ||| FLEEEEING.
   357 | D:1      | Reached XP level 2. HP: 25/25 MP: 1/1
   372 | D:1      | Reached skill level 5 in Ranged Weapons
   518 | D:1      | Found Nusut's Assorted Antiques.
   523 | D:1      | 523 ||| BUYING 2 murky green potions (32 gold).
   523 | D:1      | Bought 2 murky green potions for 32 gold pieces
   523 | D:1      | 523 ||| SHOPLISTING blue potion (16 gold, have 12).
   523 | D:1      | 523 ||| SHOPLISTING murky green potion (16 gold, have 12).
   523 | D:1      | 523 ||| SHOPLISTING red potion (16 gold, have 12).
   523 | D:1      | 523 ||| SHOPLISTING scroll labelled ETUGIPNIXUSM (18 gold,
                  | have 12).
   523 | D:1      | 523 ||| SHOPLISTING scroll labelled JAL FAUL CEE (18 gold,
                  | have 12).
   523 | D:1      | 523 ||| SHOPLISTING scroll labelled JAYVVA JIBIM (18 gold,
                  | have 12).
   523 | D:1      | 523 ||| SHOPLISTING sedimented ruby potion (16 gold, have
                  | 12).
   771 | D:1      | 771 ||| UPGRADING to +0 ring mail.
   781 | D:1      | 781 ||| DROPPING +0 leather armour.
   782 | D:1      | 782 ||| UPGRADING to ring of poison resistance.
   783 | D:1      | 783 ||| READING scroll labelled ENECLI TIEGA.
   784 | D:1      | 784 ||| DRINKING 2 murky green potions.
   785 | D:1      | 785 ||| DROPPING scroll of butterflies.
   786 | D:1      | 786 ||| DROPPING potion of brilliance.
   841 | D:2      | Reached skill level 1 in Armour
   848 | D:2      | Reached skill level 3 in Fighting
   848 | D:2      | Reached XP level 3. HP: 25/31 MP: 2/2
   943 | D:2      | Found a bloodstained altar of Trog.
  1450 | D:2      | 1450 ||| READING scroll labelled DEREITZORHI.
  1455 | D:2      | 1455 ||| READING scroll labelled GUTEPL ODIFUA.
  1456 | D:2      | 1456 ||| READING scroll labelled UNAOPA VOROLL.
  1456 | D:2      | Identified a scroll of acquirement
  1456 | D:2      | 1456 ||| ACQUIRING +0 pair of boots "Rocoicy" {+Blink rF-
                  | Str+3 Int+2}
  1456 | D:2      | Acquired the +0 pair of boots "Rocoicy" {+Blink rF- Str+3
                  | Int+2}
  1458 | D:2      | 1458 ||| DRINKING 2 purple potions.
  1466 | D:2      | 1466 ||| DROPPING potion of ambrosia.
  1492 | D:3      | 1492 ||| STAIRDANCE
  1496 | D:2      | Reached XP level 4. HP: 24/38 MP: 3/3
  1772 | D:3      | Found a runed translucent door.
  1773 | D:3      | Noticed Crazy Yiuf
  2207 | D:3      | 2207 ||| READING scroll labelled FIK AWINOT.
  2208 | D:3      | 2208 ||| READING 2 scrolls labelled HOETILOLOCK.
  2209 | D:3      | 2209 ||| READING scroll labelled KUNEGG IRAU.
  2210 | D:3      | 2210 ||| READING scroll labelled RINULU URRODE.
  2211 | D:3      | 2211 ||| DRINKING 2 red potions.
  2212 | D:3      | 2212 ||| DRINKING 2 glowing coppery potions.
  2213 | D:3      | 2213 ||| DROPPING scroll of blinking.
  2239 | D:4      | Found Qoiprali's Magic Scroll Boutique.
  2240 | D:4      | 2240 ||| PLANNING SEWER
  2257 | D:4      | 2257 ||| STAIRDANCE
  2262 | D:3      | Reached skill level 6 in Ranged Weapons
  2341 | D:4      | 2341 ||| BUYING scroll of enchant weapon (75 gold).
  2341 | D:4      | Bought a scroll of enchant weapon for 75 gold pieces
  2341 | D:4      | 2341 ||| SHOPLISTING scroll of teleportation (30 gold, have
                  | 5).
  2341 | D:4      | 2341 ||| READING scroll of enchant weapon.
  2341 | D:4      | 2341 ||| ENCHANTING +0 shortbow.
  2432 | D:4      | Found a glowing drain.
  2433 | D:4      | 2433 ||| READING scroll labelled MOONLU ODWI.
  2434 | D:4      | 2434 ||| READING scroll labelled VUHULOCVUUMM.
  2435 | D:4      | 2435 ||| DRINKING 2 smoky grey potions.
  2435 | D:4      | Gained mutation: You sometimes lose your temper in combat.
                  | [potion of mutation]
  2435 | D:4      | Gained mutation: You are partially covered in large bone
                  | plates. (SH +4) [potion of mutation]
  2435 | D:4      | Gained mutation: You are weak. (Str -2) [potion of
                  | mutation]
  2435 | D:4      | Gained mutation: You passively map a small area around you.
                  | [potion of mutation]
  2436 | D:4      | 2436 ||| DRINKING potion of mutation.
  2436 | D:4      | Lost mutation: You are weak. (Str -2) [potion of mutation]
  2436 | D:4      | Lost mutation: You sometimes lose your temper in combat.
                  | [potion of mutation]
  2436 | D:4      | Gained mutation: You are frail. (-10% HP) [potion of
                  | mutation]
  2436 | D:4      | Gained mutation: You have a pair of large horns on your
                  | head. [potion of mutation]
  2440 | D:4      | Noticed Robin
  2453 | D:4      | Killed Robin
  2457 | D:4      | HP: 9/36 [goblin/+0 club[Robin] (2)]
  2463 | D:4      | HP: 1/36 [goblin/+0 club[Robin] (4)]
  2600 | Sewer    | Entered a sewer
  2670 | Sewer    | Noticed a kobold brigand
  2672 | Sewer    | Noticed a kobold brigand
  2677 | Sewer    | HP: 8/36 [poisoned by a kobold brigand (curare-tipped
                  | dart)]
  2679 | Sewer    | HP: 1/36 [kobold brigand/+0 whip (3)]
  2679 | Sewer    | Slain by a kobold brigand

Levels and vault maps discovered:
D:1:      roderic_chinese_lattice_arrival, layout_basic, serial_shops, shop
D:2:      layout_basic, basic_altar, minmay_liquid_box
D:3:      layout_basic, chequers_serial_rivers_small_3, uniq_crazy_yiuf_cottage
D:4:      layout_basic, trog_hazing_becter, cheibrodos_sewer_entry_drain,
          serial_shops, nicolae_shop_behind_doors, nicolae_shop_trees,
          nicolae_shop_tiny_statue_garden, uniq_pikel, uniq_robin
Sewer:    sewer_kobolds

Skill      XL: |  1  2  3  4 |
---------------+-------------+-----
Ranged Weapons | 5 6 |  6.1
Armour         | 1 |  1.0
Fighting       | 3 4 |  4.0
Dodging        | |  2.1
Stealth        | |  0.7

Action                     |  1- 3 |  4- 6 || total
---------------------------+-------+-------++-------
   Fire: Shortbow          |   116 |   110 ||   226
    Use: Scroll            |     4 |     7 ||    11
         Potion            |     2 |     4 ||     6
 Armour: Leather armour    |     2 |       ||     2
         Ring mail         |    10 |    20 ||    30
  Dodge: Dodged            |    28 |    25 ||    53
  Block: Other             |       |    10 ||    10

Table legend:
 A = Non-vault XP
 B = Vault XP
 C = Vault XP percentage of total XP
 D = Non-vault monster count
 E = Vault monster count
 F = Vault count percentage of total count
                 A         B        C        D         E       F
            +---------+---------+-------+---------+---------+-------
      Total |     132 |      62 |  32.0 |      52 |      22 |  29.7
            +---------+---------+-------+---------+---------+-------
        D:1 |      22 |       0 |   0.0 |      14 |       0 |   0.0
        D:2 |      82 |       0 |   0.0 |      23 |       0 |   0.0
        D:3 |      13 |       2 |  13.3 |       9 |       1 |  10.0
        D:4 |      15 |      37 |  71.2 |       6 |      13 |  68.4
      Sewer |       0 |      23 | 100.0 |       0 |       8 | 100.0
            +---------+---------+-------+---------+---------+-------
